 Dungeon Crawl Stone Soup version 0.22.1-1-ga44c0e5 (webtiles) character file.

305 Voided the Skirmisher (level 6, -3/56 HPs)
             Began as a Minotaur Monk on Oct 15, 2018.
             Slain by an ice beast (5 damage)
             ... on level 3 of the Dungeon.
             The game lasted 00:11:09 (3080 turns).

Voided the Skirmisher (Minotaur Monk)               Turns: 3080, Time: 00:11:09

Health: -3/56      AC:  2    Str: 16    XL:     6   Next: 16%
Magic:  5/5        EV: 15    Int:  7    God:
Gold:   101        SH:  0    Dex: 14    Spells: 5/5 levels left

rFire    . . .     SeeInvis .     - Unarmed
rCold    . . .     Gourm    .   (no shield)
rNeg     . . .     Faith    .   g - +0 robe
rPois    .         Spirit   .   (helmet restricted)
rElec    .         Reflect  .   (no cloak)
rCorr    .         Harm     .   (no gloves)
MR       .....                  (no boots)
Stlth    ++........             (no amulet)
HPRegen  0.18/turn              (no ring)
MPRegen  0.09/turn              (no ring)

@: no status effects
A: retaliatory headbutt, horns 2
a: no special abilities


You were on level 3 of the Dungeon.
You were not hungry.

You visited 1 branch of the dungeon, and saw 3 of its levels.

You collected 101 gold pieces.

Inventory:

Hand Weapons
 m - a +0 whip of freezing
Armour
 a - a +0 robe
 e - a +0 robe
 g - a +0 robe (worn)
 i - a +0 leather armour
Wands
 p - a wand of digging (15)
Scrolls
 c - a scroll of enchant weapon {unknown}
 f - a scroll of random uselessness {unknown}
 h - 3 scrolls of identify {unknown}
 l - a scroll of fear {unknown}
 n - a scroll of remove curse {unknown}
 o - a scroll of fog {unknown}
 q - a scroll of amnesia {unknown}
 r - a scroll of teleportation {unknown}
Potions
 d - a potion of degeneration {unknown}
 j - a potion of lignification {unknown}
 k - a potion of haste {unknown}
 s - a potion of heal wounds
Comestibles
 b - 4 rations


   Skills:
 + Level 5.5 Fighting
 + Level 5.3 Dodging
 - Level 1.5 Stealth
 - Level 5.0 Unarmed Combat


You had 5 spell levels left.
You didn't know any spells.
Your spell library was empty.

Dungeon Overview and Level Annotations

Branches:
Dungeon (3/15)

Altars:


Innate Abilities, Weirdness & Mutations

You reflexively headbutt those who attack you in melee.
You have a pair of horns on your head.


Message History

The ice beast barely misses you.
You closely miss the ice beast.
The ice beast is heavily wounded.
You closely miss the ice beast. You headbutt the ice beast!
The ice beast is almost dead.
The ice beast hits you but does no damage.
You barely miss the ice beast.
The ice beast is almost dead.
The ice beast hits you. The ice beast freezes you!
* * * LOW HITPOINT WARNING * * *
You hit the ice beast.
The ice beast is almost dead.
The ice beast hits you.
* * * LOW HITPOINT WARNING * * *
The ice beast freezes you!
* * * LOW HITPOINT WARNING * * *
You hit the ice beast but do no damage.
The ice beast is almost dead.
The ice beast hits you.
You die...

#####################
##########...................#
.........#.#################.#
########.#.# #.# #.#.#
######## #.# #.#.# #......#
#.# ### #.#[# ##.###.# #.# ..#
#.#.#######...# # #.# #.#
#.#.#....@Y.#.# #.# #.#
#.#.#.#####.#.# #.# #.####
#.#.....# #.# # #.# #....#
#.#...#.# #.. #.# #....#
#.#.###.# ####+++# #.# #....#
#.#.....# #...####.#### #....#
#.############...#.......#
#....#
#............#...#######..
#....################...# ##.


You could see an ice beast.

Vanquished Creatures
  Sigmund (D:2)
  3 adders (D:2)
  4 gnolls (D:2)
  2 worms (D:2)
  A dart slug (D:2)
  2 leopard geckos (D:3)
  A ball python (D:1)
  6 bats
  3 giant cockroaches
  6 goblins
  12 hobgoblins
  15 jackals
  A quokka (D:2)
  3 frilled lizards
  6 kobolds
  4 rats
70 creatures vanquished.

Notes
Turn   | Place    | Note
-------+----------+-------------------------------------------
     0 | D:1      | Voided the Minotaur Monk began the quest for the Orb.
     0 | D:1      | Reached XP level 1. HP: 19/19 MP: 0/0
   308 | D:1      | Reached XP level 2. HP: 27/27 MP: 1/1
   759 | D:2      | Reached XP level 3. HP: 25/33 MP: 2/2
   924 | D:2      | Noticed Sigmund
   946 | D:2      | HP: 1/33 [Sigmund/puff of flame (9)]
   948 | D:2      | Killed Sigmund
   948 | D:2      | Reached skill level 5 in Unarmed Combat
   948 | D:2      | Reached XP level 4. HP: 2/41 MP: 3/3
   948 | D:2      | Reached XP level 5. HP: 2/47 MP: 4/4
  1264 | D:2      | Reached skill level 5 in Fighting
  1535 | D:2      | Reached skill level 5 in Dodging
  1775 | D:2      | Reached XP level 6. HP: 34/56 MP: 5/5
  3055 | D:3      | Noticed an ice beast
  3079 | D:3      | HP: 2/56 [ice beast (10)]
  3080 | D:3      | Slain by an ice beast

Skill      XL: |  1  2  3  4  5 |
---------------+----------------+-----
Fighting       | 4 5 |  5.5
Unarmed Combat | 5 |  5.0
Dodging        | 4 5 |  5.3
Stealth        | |  1.5

Action                   |  1- 3 |  4- 6 || total
-------------------------+-------+-------++-------
Melee: Unarmed           |    28 |     9 ||    37
       Whip              |    38 |   104 ||   142
       Headbutt          |     6 |    28 ||    34
       Punch             |     1 |       ||     1
  Use: Potion            |     2 |       ||     2
 Stab: Sleeping          |     1 |     6 ||     7
  Eat: Ration            |       |     2 ||     2
       Chunk             |       |     3 ||     3
Armor: Robe              |     9 |    14 ||    23
Dodge: Dodged            |    46 |    84 ||   130
